 Dungeon Crawl Stone Soup version 0.21.1-1-g345015fe64 (webtiles) character file.

1295 Loge the Grappler (level 8, 23/81 HPs)
             Began as a Troll Monk on July 16, 2018.
             Was an Initiate of Ru.
             Quit the game on level 7 of the Dungeon.
             The game lasted 00:10:18 (5330 turns).

Loge the Grappler (Troll Monk)                      Turns: 5330, Time: 00:10:18

Health: 23/81      AC:  5    Str: 20      XL:     8   Next: 30%
Magic:  7/7        EV: 10    Int:  9      God:    Ru [......]
Gold:   400        SH:  0    Dex: 13 (14) Spells: 7/7 levels left

rFire    + + +     SeeInvis .     - Unarmed
rCold    . . .     Gourm    +   (no shield)
rNeg     . . .     Faith    .   I - +0 robe of Quimuf {rF+++ MR+ Int+3 Slay-4}
rPois    .         Spirit   .   (helmet restricted)
rElec    .         Reflect  .   (no cloak)
rCorr    .         Harm     .   (gloves unavailable)
MR       +....                  (boots unavailable)
Stlth    ++........             (no amulet)
HPRegen  0.63/turn              (no ring)
MPRegen  0.10/turn              (no ring)

@: lethally poisoned (23 -> -4)
A: large, unfitting armour, claws 3, fast metabolism 3, gourmand, regeneration
1, shaggy fur 1, tough skin 2
a: Renounce Religion


You were on level 7 of the Dungeon.
You worshipped Ru.
Ru was noncommittal.
You were full.

You visited 1 branch of the dungeon, and saw 7 of its levels.

You collected 400 gold pieces.

Inventory:

Missiles
 d - 236 stones (quivered)
 o - a throwing net
 u - 5 javelins
Armour
 a - a +0 robe
 I - the +0 robe of Quimuf (worn) {rF+++ MR+ Int+3 Slay-4}
   (You found it on level 6 of the Dungeon)

   It affects your intelligence (+3).
   It affects your accuracy and damage with ranged weapons and melee attacks
   (-4).
   It renders you almost immune to fire.
   It affects your resistance to hostile enchantments.
Jewellery
 c - a +3 ring of evasion {unknown}
 v - an uncursed ring of positive energy {unknown}
 x - a cursed ring of loudness {unknown}
 y - a +4 ring of dexterity {unknown}
 A - an uncursed ring of positive energy {unknown}
 E - an uncursed ring of resist corrosion {unknown}
 F - a +3 ring of intelligence {unknown}
 G - an uncursed ring of fire {unknown}
 N - the amulet "Anounofy" {Inacc *Corrode rN++ MR+ MP+9, unknown}
   (You found it on level 7 of the Dungeon)

   [amulet of inaccuracy]

   It reduces the accuracy of all your attacks.
   It greatly protects you from negative energy.
   It affects your resistance to hostile enchantments.
   It affects your magic capacity (+9).
   It may corrode you when you take damage.
Wands
 l - a wand of flame (17)
 t - a wand of disintegration (12)
 K - a wand of paralysis (17)
Scrolls
 f - a scroll of amnesia {unknown}
 g - 3 scrolls of fog {unknown}
 h - 3 scrolls of magic mapping {unknown}
 j - a scroll of fear {unknown}
 k - 4 scrolls of teleportation {unknown}
 m - 4 scrolls of remove curse
 q - 2 scrolls of random uselessness {unknown}
 r - a scroll of enchant weapon {unknown}
 w - 4 scrolls of immolation {unknown}
 z - 5 scrolls of enchant armour {unknown}
 D - a scroll of torment {unknown}
 L - a scroll of noise {unknown}
Potions
 e - a potion of brilliance {unknown}
 i - 2 potions of lignification
 n - 3 potions of heal wounds
 p - 2 potions of curing
 s - a potion of berserk rage
 B - a potion of invisibility {unknown}
 C - a potion of degeneration {unknown}
 H - 2 potions of mutation
 J - a potion of resistance {unknown}
 M - a potion of cancellation {unknown}
Comestibles
 b - 19 rations


   Skills:
 + Level 5.4 Fighting
 - Level 2.4 Dodging
 - Level 1.0 Stealth
 * Level 8.8 Unarmed Combat


You had 7 spell levels left.
You didn't know any spells.

Dungeon Overview and Level Annotations

Branches:
Dungeon (7/15)             Temple (0/1) D:6

Altars:
Okawaru
Ru
Sif Muna


Innate Abilities, Weirdness & Mutations

You are too large for most types of armour.
You have claws for hands.
Your metabolism is lightning-fast.
You like to eat raw meat.
Your natural rate of healing is unusually fast.
You are covered in fur. (AC +1)
You have very tough skin. (AC +2)


Message History

The water moccasin is almost dead.
You feel sick. The water moccasin bites you. x2
You are too injured to fight recklessly!
You are too injured to fight recklessly!
You completely miss the water moccasin.
The water moccasin is almost dead.
You feel sick. The water moccasin closely misses you.
You miss the water moccasin. Your claw misses the water moccasin.
The water moccasin is almost dead.
You feel very sick. The water moccasin bites you.
You are lethally poisoned!
The water moccasin poisons you!
You claw the water moccasin!
You kill the water moccasin!
* * * LOW HITPOINT WARNING * * *
You feel very sick.
Okay, then.
Unknown command.
Are you sure you want to abandon this character and quit the game? (Confirm with "yes".)

################.#
.............)##.#
...#...#...#..##.#
............._##.#
...#...#...#..##.#
..............##.#
################.#
..# ....###.## ..#
.......@.# '##
........)# .#
.........# .#
.........# ##
.........#
.........#
###......##
##[.....# #..#...#


There were no monsters in sight!

Vanquished Creatures
  A water moccasin (D:7)
  An orc warrior (D:7)
  A phantom (D:4)
  A big kobold (D:7)
  A bullfrog (D:6)
  A scorpion (D:7)
  2 howler monkeys (D:4)
  A crimson imp (D:6)
  2 bullfrog zombies
  A quasit (D:7)
  An orc priest (D:7)
  2 bullfrog skeletons
  2 centaur skeletons
  2 hounds (D:4)
  6 worker ants
  2 orc wizards
  A hound skeleton (D:4)
  11 adders
  2 worms (D:2)
  3 dart slugs
  6 leopard geckos
  12 orcs
  7 giant cockroaches
  4 goblins
  4 hobgoblins
  4 jackals (D:6)
  12 kobolds
  2 quokkas (D:2)
  A ball python (D:1)
  7 bats
  3 frilled lizards
  A quokka skeleton (D:4)
  6 rats
113 creatures vanquished.

Notes
Turn   | Place    | Note
-------+----------+-------------------------------------------
     0 | D:1      | Loge the Troll Monk began the quest for the Orb.
     0 | D:1      | Reached XP level 1. HP: 22/22 MP: 0/0
    40 | D:1      | Reached XP level 2. HP: 29/29 MP: 1/1
   174 | D:1      | You fall through a shaft!
   179 | D:2      | Reached XP level 3. HP: 34/36 MP: 2/2
   193 | D:2      | Reached skill level 4 in Unarmed Combat
   867 | D:2      | Reached XP level 4. HP: 45/45 MP: 3/3
  1308 | D:3      | Reached skill level 5 in Unarmed Combat
  1308 | D:3      | Reached XP level 5. HP: 31/53 MP: 4/4
  1651 | D:3      | Found a sacrificial altar of Ru.
  1700 | D:3      | Became a worshipper of Ru the Awakened
  2280 | D:4      | Reached XP level 6. HP: 43/62 MP: 5/5
  2360 | D:4      | Reached skill level 6 in Unarmed Combat
  2937 | D:4      | Reached XP level 7. HP: 64/71 MP: 6/6
  3020 | D:5      | Entered Level 5 of the Dungeon
  3031 | D:5      | Reached skill level 7 in Unarmed Combat
  3420 | D:5      | Found a deep blue altar of Sif Muna.
  4121 | D:6      | Found a staircase to the Ecumenical Temple.
  4134 | D:6      | Got a bloodstained robe
  4318 | D:7      | Identified the +0 robe of Quimuf {rF+++ MR+ Int+3 Slay-4} (You found it on level 6 of the Dungeon)
  4728 | D:7      | Reached skill level 8 in Unarmed Combat
  4736 | D:7      | Reached skill level 5 in Fighting
  4739 | D:7      | Reached XP level 8. HP: 70/80 MP: 7/7
  5087 | D:7      | Got a translucent amethyst amulet
  5149 | D:7      | Found an iron altar of Okawaru.
  5330 | D:7      | Quit the game

Skill      XL: |  1  2  3  4  5  6  7 |
---------------+----------------------+-----
Unarmed Combat | 4 5 6 8 |  8.8
Fighting       | 3 4 5 |  5.4
Dodging        | |  2.4
Stealth        | |  1.0

Action                   |  1- 3 |  4- 6 |  7- 9 || total
-------------------------+-------+-------+-------++-------
Melee: Unarmed           |    83 |   127 |   114 ||   324
       Punch             |       |     3 |     4 ||     7
Invok: Reject Sacrifices |       |     1 |       ||     1
  Use: Scroll            |       |       |     7 ||     7
 Stab: Sleeping          |     4 |     4 |     2 ||    10
  Eat: Chunk             |    13 |    18 |    20 ||    51
Armor: Robe              |    30 |    25 |    34 ||    89
Dodge: Dodged            |    40 |    42 |    56 ||   138
